 Dungeon Crawl Stone Soup version 0.17.2-1-ge4368a0 (webtiles) character file.

193 hexophile the Chopper (level 5, -1/73 HPs)
             Began as a Naga Fighter on Aug 20, 2018.
             Slain by an orc wizard
             ... wielding a +0 dagger
              (2 damage)
             ... on level 4 of the Dungeon.
             The game lasted 00:03:12 (3332 turns).

hexophile the Chopper (Naga Fighter)                Turns: 3332, Time: 00:03:12

Health: -1/73      AC: 22    Str: 19    XL:     5   Next: 72%
Magic:  5/5        EV:  1    Int:  9    God:
Gold:   147        SH:  0    Dex: 10    Spells: 0 memorised, 4 levels left

rFire  . . .     SeeInvis +     a - +0 war axe
rCold  . . .     Clarity  .     (armour currently unavailable)
rNeg   + + +     SustAt   .     (no shield)
rPois  +         Gourm    .     (helmet currently unavailable)
rElec  .         Spirit   .     (cloak currently unavailable)
rCorr  .         Warding  .     (gloves currently unavailable)
rMut   .         NoTele   +     (no barding)
MR     .....                    (no amulet)
Stlth  +.........               (no ring)
                                (no ring)

@: tree-form, not resistant to hostile enchantments, very unstealthy
A: see invisible, (deformed body), (poison resistance), (slowness 0), slow
metabolism 1, spit poison 2, AC +1
a: Spit Poison


You were on level 4 of the Dungeon.
You were hungry.
You were a tree.
You visited 1 branch of the dungeon, and saw 4 of its levels.

You collected 147 gold pieces.


Innate Abilities, Weirdness & Mutations

You cannot wear boots.
((Your serpentine skin is tough (AC +1).))
You have supernaturally acute eyesight.
((Armour fits poorly on your strangely shaped body.))
((Your system is resistant to poisons.))
((You cover ground very slowly.))
You have a slow metabolism.
You can spit poison.

Inventory:

Hand Weapons
 a - a +0 war axe (weapon)
Missiles
 n - 10 poisoned needles
Armour
 b - a +0 scale mail
 c - a +0 shield
 e - a +0 plate armour (melded)
Scrolls
 f - 4 scrolls of identify
 g - a scroll of fog {unknown}
 i - 3 scrolls of amnesia
 j - a scroll of remove curse {unknown}
 k - a scroll of noise {unknown}
 o - 2 scrolls of teleportation {unknown}
Potions
 d - a potion of might {Str+5 DMG+1d10}
 q - a potion of curing {unknown}
Books
 p - a book of Geomancy

   Spells                             Type                      Level
   a - Sandblast                      Earth                        1
   b - Stoneskin                      Transmutation/Earth          2
   c - Passwall                       Transmutation/Earth          3
   d - Stone Arrow                    Conjuration/Earth            3
   e - Petrify                        Transmutation/Earth          4
   f - Lee's Rapid Deconstruction     Earth                        5
Comestibles
 h - a meat ration
 l - a royal jelly
 r - 2 bread rations
 t - a beef jerky


You had 4 spell levels left.
You didn't know any spells.


   Skills:
 - Level 3.0 Fighting
 + Level 5.7 Axes
 - Level 2.4 Armour
 - Level 2.4 Shields

Dungeon Overview and Level Annotations

Branches:
Dungeon (4/15)
 Temple: D:4-7

Altars:

Vault maps used:
D:1:      dpeg_arrival_three_same_balls, minmay_misc_feat_x
D:4:      grunt_temple_overflow_opulence, minmay_temple_entry_from_below_a,
          nicolae_ossuary_entry_false_entrances, serial_shops, shop, shop,
          first_bread, solitary_fountain, uniq_sigmund
You       could see an orc wizard and an orc.


Message History

You barely miss the orc.
The orc is severely wounded.
The orc hits you but does no damage. x2
You hit the orc.
The orc is almost dead.
The orc hits you but does no damage.
You slash the orc!
You kill the orc!
The orc wizard hits you but does no damage.
The orc hits you.
There is an open door, spattered with blood here.
Things that are here:
a hand axe; an orc corpse You lost 3 HP.
You have now: 22/49 HP.
The orc wizard hits you but does no damage. x2
You completely miss the orc wizard.
The orc wizard hits you but does no damage. x2
You slash the orc wizard!
The orc wizard is heavily wounded.
The orc wizard hits you but does no damage.
You completely miss the orc wizard.
The orc wizard is heavily wounded.
The orc wizard hits you with a dagger. The orc wizard barely misses you.
You lost 1 HP.
You have now: 22/49 HP.
You closely miss the orc wizard.
The orc wizard is heavily wounded.
The orc wizard points at you and mumbles some strange words.
The puff of frost hits you!
* * * LOW HITPOINT WARNING * * *
The orc wizard hits you but does no damage.
You lost 4 HP.
You have now: 18/49 HP.
You slash the orc wizard!
The orc wizard is severely wounded.
The orc wizard hits you but does no damage.
The orc wizard completely misses you.
You completely miss the orc wizard.
The orc wizard is severely wounded.
The orc wizard points at you and mumbles some strange words.
The puff of frost hits you!
* * * LOW HITPOINT WARNING * * *
The orc wizard points at you and mumbles some strange words.
The puff of flame hits you!
* * * LOW HITPOINT WARNING * * *
You lost 17 HP.
You have now: 1/49 HP.
Unknown command.
Drink which item? (? for menu, Esc to quit)
It was a potion of lignification.
You turn into a tree.
Your +0 plate armour melds into your body.
Your roots penetrate the ground.
The orc wizard hits you with a dagger.
You die...

Action                   |  1- 3 |  4- 6 || total
-------------------------+-------+-------++-------
Melee: War axe           |   134 |   149 ||   283
 Abil: Spit Poison       |     1 |     2 ||     3
  Use: Scroll            |       |     1 ||     1
       Potion            |       |     1 ||     1
  Eat: Chunk             |     2 |     4 ||     6

Notes
Turn   | Place    | Note
--------------------------------------------------------------
     0 | D:1      | hexophile the Naga Fighter began the quest for the Orb.
     0 | D:1      | Reached XP level 1. HP: 21/21 MP: 1/1
   391 | D:1      | Reached XP level 2. HP: 28/28 MP: 2/2
   566 | D:1      | Reached skill level 3 in Axes
   919 | D:2      | Reached XP level 3. HP: 32/34 MP: 3/3
  1557 | D:2      | Reached skill level 4 in Axes
  1736 | D:2      | Reached XP level 4. HP: 23/42 MP: 4/4
  2459 | D:3      | Reached skill level 5 in Axes
  2459 | D:3      | Reached XP level 5. HP: 43/49 MP: 5/5
  3331 | D:4      | HP: 1/49 [orc wizard/puff of flame (10)]
  3332 | D:4      | Slain by an orc wizard

Table legend:
 A = Turns spent in this place as a percentage of turns spent in the entire game.
 B = Non-inter-level travel turns spent in this place as a percentage of non-inter-level travel turns spent in the entire game.
 C = Inter-level travel turns spent in this place as a percentage of turns spent in this place.
 D = Turns resting spent in this place as a percentage of non-inter-level travel turns spent in this place.
 E = Turns spent auto-exploring this place as a percentage of non-inter-level travel turns spent in this place.
 F = Non-inter-level travel turns spent in this place divided by the number of levels of this place that you've seen.
                   A       B       C       D       E      F
               +-------+-------+-------+-------+-------+----------------------
         Total | 100.0 | 100.0 |   0.4 |   1.0 |  11.8 | 241.8
       Dungeon | 100.0 | 100.0 |   0.4 |   1.0 |  11.8 | 241.8
               +-------+-------+-------+-------+-------+----------------------

Table legend:
 A = Kills in this place as a percentage of kills in entire the game.
 B = Kills by you in this place as a percentage of kills by you in the entire game.
 C = Kills by friends in this place as a percentage of kills by friends in the entire game.
 D = Other kills in this place as a percentage of other kills in the entire game.
 E = Experience gained in this place as a percentage of experience gained in the entire game.
 F = Experience gained in this place divided by the number of levels of this place that you have seen.
                   A       B       C       D       E      F
               +-------+-------+-------+-------+-------+----------------------
         Total | 100.0 | 100.0 |  -nan |  -nan | 100.0 |  69.0
       Dungeon | 100.0 | 100.0 |  -nan |  -nan | 100.0 |  69.0
               +-------+-------+-------+-------+-------+----------------------

Vanquished Creatures
  2 orc wizards (D:3)
  3 adders
  An ooze (D:2)
  3 worms
  17 orcs
  5 giant cockroaches
  7 hobgoblins
  7 jackals
  11 kobolds
  6 bats
  A giant gecko (D:2)
  3 giant newts
  9 goblins
  7 rats
82 creatures vanquished.
